 Dungeon Crawl Stone Soup version 0.19.1 (webtiles) character file.

1728 doubledope the Shield-Bearer (level 8, 0/70 HPs)
             Began as a Minotaur Fighter on Dec 3, 2016.
             Was an Initiate of the Shining One.
             Slain by an iguana (6 damage)
             ... on level 6 of the Dungeon.
             The game lasted 00:26:26 (5175 turns).

doubledope the Shield-Bearer (Minotaur Fighter)     Turns: 5175, Time: 00:26:27

Health: 0/70       AC: 13    Str: 22    XL:     8   Next: 76%
Magic:  7/7        EV:  5    Int:  5    God:    the Shining One [......]
Gold:   269        SH: 11    Dex: 11    Spells: 0 memorised, 7 levels left

rFire  . . .     SeeInvis .     a - +0 long sword
rCold  . . .     Gourm    .     h - +0 plate armour
rNeg   . . .     Faith    .     c - +0 shield
rPois  .         Spirit   .     (helmet restricted)
rElec  .         Reflect  .     (no cloak)
rCorr  .         Harm     .     (no gloves)
MR     .....                    (no boots)
Stlth  ..........               (no amulet)
                                (no ring)
                                (no ring)

@: lethally poisoned (0 -> -6), glowing
A: retaliatory headbutt, horns 2
a: Renounce Religion


You were on level 6 of the Dungeon.
You worshipped the Shining One.
The Shining One was noncommittal.
You were not hungry.

You visited 2 branches of the dungeon, and saw 7 of its levels.

You collected 269 gold pieces.

Inventory:

Hand Weapons
 a - a +0 long sword (weapon)
 o - a +2 short sword of freezing
Armour
 b - a +0 scale mail
 c - a +0 shield (worn)
 h - a +0 plate armour (worn)
Jewellery
 A - an uncursed amulet of rage {unknown}
 D - an uncursed ring of positive energy {unknown}
 F - a +2 amulet of reflection {unknown}
 H - a cursed +3 ring of dexterity {unknown}
Wands
 f - a wand of lightning (7/15)
 p - a wand of lightning (9/15)
 v - a wand of polymorph (14/24)
Scrolls
 e - a scroll of fog
 i - 4 scrolls of magic mapping {unknown}
 j - 2 scrolls of enchant armour {unknown}
 m - 2 scrolls of recharging
 n - a scroll of immolation
 r - 2 scrolls of remove curse
 s - 6 scrolls of identify {unknown}
 t - a scroll of fear {unknown}
 w - a scroll of enchant weapon {unknown}
 y - a scroll of amnesia {unknown}
 C - a scroll of teleportation {unknown}
Potions
 d - 3 potions of might
 g - 2 potions of brilliance {unknown}
 k - 4 potions of heal wounds {unknown}
 u - 5 potions of lignification {unknown}
 x - a potion of agility {unknown}
 E - a potion of degeneration {unknown}
 G - a potion of haste {unknown}
Books
 z - a book of Debilitation

   Spells                             Type                      Level
   a - Corona                         Hexes                        1
   b - Slow                           Hexes                        2
   c - Gell's Gravitas                Hexes/Translocation          3
   d - Inner Flame                    Hexes/Fire                   3
   e - Cause Fear                     Hexes                        4
   f - Leda's Liquefaction            Hexes/Earth                  4
Comestibles
 q - 4 beef jerkies
 B - a slice of pizza


   Skills:
 + Level 5.9 Fighting
 + Level 3.4(5.5) Short Blades
 + Level 7.3(7.8) Long Blades
 + Level 7.6 Armour
 + Level 0.4 Dodging
 + Level 0.1 Stealth
 + Level 7.8 Shields


You had 7 spell levels left.
You didn't know any spells.

Dungeon Overview and Level Annotations

Branches:
Dungeon (6/15)             Temple (1/1) D:5

Altars:
Ashenzari
Cheibriados
Dithmenos
Elyvilon
Fedhas
Gozag
Hepliaklqana
Kikubaaqudgha
Makhleb
Nemelex Xobeh
Qazlal
Ru
Sif Muna
Trog
Uskayaw
Vehumet
Xom
Yredelemnul
Zin
The Shining One


Innate Abilities, Weirdness & Mutations

You reflexively headbutt those who attack you in melee.
You have a pair of horns on your head.


Message History

* * * LOW HITPOINT WARNING * * *
The worker ant closely misses you.
Unknown command.
You closely miss something. You headbutt something.
You feel sick. The worker ant barely misses you.
Something hits you but does no damage.
You miss something. You headbutt something!
Reactivating autopickup.
You feel a bit more experienced.
You feel sick. You block the worker ant's attack.
You hit the iguana.
The iguana is moderately wounded.
You feel sick. The worker ant bites you.
* * * LOW HITPOINT WARNING * * *
The iguana bites you.
* * * LOW HITPOINT WARNING * * *
The worker ant bites you but does no damage.
You hit the iguana but do no damage. Your headbutt misses the iguana.
The iguana is moderately wounded.
The iguana bites you.
You die...

... ... #.. ....
###..### ...
...<..# .<#
##.#..####..#
.##.....##... #
>......a##.##.#####
.......)@lo<.......
........###...[....
........# #........
.......## #........
..#...# #........ #
#### #.....o..
#.....o.. #....lo..


You could see an iguana, a worker ant and an orc.

Vanquished Creatures
  Pikel (D:4)
  Edmund (D:6)
  A sky beast (D:5)
  3 slaves
  2 phantoms
  A centaur (D:4)
  A crimson imp (D:4)
  A bullfrog zombie (D:5)
  2 hounds
  A jelly (D:5)
  4 orc wizards
  2 orc priests
  A bullfrog skeleton (D:5)
  Terence (D:3)
  Natasha (twice) (D:2)
  An iguana (D:4)
  3 worker ants (D:4)
  2 hound skeletons (D:4)
  A worker ant zombie (D:5)
  Robin (D:4)
  3 gnolls (D:3)
  6 adders
  2 oozes
  An adder skeleton (D:5)
  7 worms
  2 dart slugs (D:3)
  2 leopard geckos
  21 orcs
  A ball python (D:4)
  6 bats
  6 giant cockroaches
  23 goblins
  7 hobgoblins
  8 jackals
  2 quokkas
  2 frilled lizards (D:1)
  10 kobolds
  2 quokka skeletons (D:4)
  7 rats
  A spectral orc (D:5)
151 creatures vanquished.

Notes
Turn   | Place    | Note
-------+----------+-------------------------------------------
     0 | D:1      | doubledope the Minotaur Fighter began the quest for the Orb.
     0 | D:1      | Reached XP level 1. HP: 19/19 MP: 0/0
   510 | D:1      | Reached XP level 2. HP: 26/27 MP: 1/1
   994 | D:2      | Reached XP level 3. HP: 27/33 MP: 2/2
  1110 | D:2      | Noticed Natasha
  1121 | D:2      | Killed Natasha
  1121 | D:2      | Reached XP level 4. HP: 26/41 MP: 3/3
  1308 | D:2      | Noticed Natasha
  1318 | D:2      | Killed Natasha
  1520 | D:3      | Reached skill level 1 in Short Blades
  1525 | D:3      | Reached XP level 5. HP: 45/47 MP: 4/4
  1771 | D:3      | Noticed Terence
  1780 | D:3      | Killed Terence
  1816 | D:3      | Reached XP level 6. HP: 24/55 MP: 5/5
  1827 | D:3      | Reached skill level 5 in Shields
  2032 | D:3      | Reached skill level 5 in Armour
  2140 | D:3      | Found a blossoming altar of Fedhas.
  2141 | D:3      | Found a shimmering altar of Xom.
  2374 | D:3      | Reached skill level 5 in Fighting
  2448 | D:3      | Found a hazy altar of Hepliaklqana.
  2449 | D:3      | Found a snail-covered altar of Cheibriados.
  2456 | D:3      | Found a white marble altar of Elyvilon.
  2458 | D:3      | Found a hide-covered altar of Uskayaw.
  2461 | D:3      | Found a shadowy altar of Dithmenos.
  2940 | D:4      | Reached XP level 7. HP: 58/61 MP: 6/6
  2964 | D:4      | Reached skill level 5 in Long Blades
  3315 | D:4      | Noticed Robin
  3345 | D:4      | Killed Robin
  3663 | D:5      | Entered Level 5 of the Dungeon
  3844 | D:5      | Found a staircase to the Ecumenical Temple.
  3900 | Temple   | Entered the Ecumenical Temple
  4121 | Temple   | Became a worshipper of the Shining One
  4211 | D:5      | Found a basalt altar of Yredelemnul.
  4262 | D:5      | Noticed Pikel
  4267 | D:5      | Reached XP level 8. HP: 63/69 MP: 7/7
  4596 | D:4      | Killed Pikel
  4993 | D:5      | Found a bloodstained altar of Trog.
  5149 | D:6      | Noticed Edmund
  5167 | D:6      | Killed Edmund
  5175 | D:6      | Slain by an iguana

Skill      XL: |  1  2  3  4  5  6  7  8 |
---------------+-------------------------+-----
Fighting       | 4 5 |  5.9
Armour         | 4 5 6 7 |  7.6
Shields        | 4 5 6 7 |  7.8
Long Blades    | 3 4 5 7 |  7.3
Short Blades   | 1 2 3 |  3.4
Dodging        | |  0.4
Stealth        | |  0.1

Action                   |  1- 3 |  4- 6 |  7- 9 || total
-------------------------+-------+-------+-------++-------
Melee: Long sword        |    43 |    72 |   247 ||   362
       Headbutt          |     5 |    36 |    56 ||    97
       Short sword       |    21 |   124 |       ||   145
  Use: Scroll            |       |     4 |       ||     4
  Eat: Bread ration      |       |     2 |     1 ||     3
       Meat ration       |       |       |     1 ||     1
Armor: Plate armour      |    50 |    84 |   220 ||   354
       Scale mail        |     1 |       |       ||     1
Dodge: Dodged            |     9 |    31 |    66 ||   106
Block: Shield            |    40 |   101 |   200 ||   341
       Rpst.: Long sword |     2 |     3 |    21 ||    26
